 Dungeon Crawl Stone Soup version 0.23.2-33-g5129a83184 (webtiles) character file.

Game seed: 11389239082067890230

32 MalarOregon the Digger (level 3, 0/26 (28) HPs)
             Began as a Ghoul Earth Elementalist on July 9, 2019.
             Slain by an adder (4 damage)
             ... on level 1 of the Dungeon.
             The game lasted 00:01:57 (2677 turns).

MalarOregon the Digger (Ghoul Earth Elementalist)   Turns: 2677, Time: 00:01:57

HP:   0/26 (28)     AC:  4    Str: 11    XL:     3   Next: 27%
MP:   0/5           EV: 12    Int: 11    God:
Gold: 66            SH:  0    Dex:  9    Spells: 5/6 levels left

rFire    . . .     SeeInvis .   d - +0 dagger
rCold    + . .     Gourm    .   (no shield)
rNeg     + + +     Faith    .   c - +0 robe
rPois    ∞         Spirit   .   (no helmet)
rElec    .         Reflect  .   (no cloak)
rCorr    .         Harm     .   m - +1 pair of gloves
MR       .....                  (no boots)
Stlth    ++........             (no amulet)
HPRegen  0.00/turn              (no ring)
MPRegen  0.09/turn              (no ring)

@: rotting
A: rotting body, claws 1, carnivore, cold resistance 1, negative energy
resistance 3, inhibited regeneration, torment resistance, unbreathing
a: no special abilities


You were on level 1 of the Dungeon.
You were not hungry.

You visited 1 branch of the dungeon, and saw 2 of its levels.

You collected 66 gold pieces.

Inventory:

Hand Weapons
 d - a +0 dagger (weapon)
   (You took it off a goblin on level 1 of the Dungeon)
Missiles
 b - 72 stones (quivered)
Armour
 c - a +0 robe (worn)
 m - a +1 pair of gloves (worn)
   (You found it on level 1 of the Dungeon)
Scrolls
 a - a scroll of identify {unknown}
 j - a scroll of immolation {unknown}
 k - 2 scrolls of remove curse {unknown}
 n - a scroll of amnesia {unknown}
Potions
 f - 2 potions of resistance {unknown}
 g - 2 potions of curing {unknown}
 h - 2 potions of flight {unknown}
 l - a potion of haste {unknown}
Comestibles
 e - 2 rations {!d}


   Skills:
 + Level 1.6 Fighting
 - Level 1.7 Dodging
 - Level 2.1 Stealth
 + Level 2.2 Spellcasting
   Level 0.8 Transmutations
 + Level 3.8 Earth Magic


You had 5 spell levels left.
You knew the following spells:

 Your Spells              Type           Power        Failure   Level  Hunger
a - Sandblast             Erth           #.....       6%          1    ##.....

Your spell library contained the following spells:

 Spells                   Type           Power        Failure   Level  Hunger
 Passwall                 Tmut/Erth      #.......     17%         2    ###....
 Stone Arrow              Conj/Erth      #.....       36%         3    ####...
 Petrify                  Tmut/Erth      #.......     73%         4    #####..
 Lee's Rapid Deconstruct  Erth           #.........   86%         5    ######.


Dungeon Overview and Level Annotations

Branches:
Dungeon (2/15)

Altars:


Innate Abilities, Weirdness & Mutations

Your body is rotting away.
You thrive on raw meat.
You are immune to poison.
You have sharp fingernails.
You are carnivorous and can eat meat at any time.
Your flesh is cold resistant. (rC+)
You are immune to negative energy. (rN+++)
You do not regenerate when monsters are visible.
You are immune to unholy pain and torment.
You can survive without breathing.


Message History

This raw flesh tastes great!
You start resting.
You climb downwards.
The adder bites you. The adder misses you.
There is a stone staircase leading up here.
The adder bites you but does no damage. The adder barely misses you.
You climb upwards.
There is a stone staircase leading down here.
Aim: an adder The blast of sand hits the adder.
b - 78 stones The adder completely misses you.
Aim: an adder (lightly wounded)
The blast of sand misses the adder.
b - 77 stones The adder bites you.
Aim: an adder (lightly wounded)
The blast of sand hits the adder.
b - 76 stones The adder closely misses you.
Aim: an adder (heavily wounded)
The blast of sand misses the adder.
b - 75 stones The adder barely misses you.
The adder closely misses you.
Aim: an adder (heavily wounded)
The blast of sand misses the adder.
b - 74 stones The adder closely misses you.
You closely miss the adder. The adder bites you.
You hit the adder. The adder bites you but does no damage. The adder bites you.
* * * LOW HITPOINT WARNING * * *
You hit the adder but do no damage. The adder barely misses you.
You hit the adder. The adder bites you.
* * * LOW HITPOINT WARNING * * *
You hit the adder but do no damage. The adder bites you.
* * * LOW HITPOINT WARNING * * *
The adder closely misses you.
You barely miss the adder. The adder bites you.
* * * LOW HITPOINT WARNING * * *
Aim: an adder (severely wounded)
The blast of sand hits the adder but does no damage.
b - 73 stones The adder bites you but does no damage.
The adder closely misses you. The adder barely misses you.
The adder bites you but does no damage.
Aim: an adder (severely wounded)
The blast of sand misses the adder.
b - 72 stones The adder bites you.
You die...

# # # # ###########
#.......... #.########.
#########.#........
#.@................
########S#######.#........
#..........# #.#........
#..........# #.#........
#..........# #.########.
#..........# #.########.
#..........# #.##.......
#..........# #.##....)..
#..........# #.##.......


You could see an adder.

Vanquished Creatures
  An adder (D:1)
  A leopard gecko (D:1)
  A bat (D:1)
  2 goblins (D:1)
  2 hobgoblins
  7 jackals (D:1)
  2 frilled lizards (D:1)
  3 kobolds
  2 rats (D:1)
21 creatures vanquished.

Notes
Turn   | Place    | Note
-------+----------+-------------------------------------------
     0 | D:1      | MalarOregon the Ghoul Earth Elementalist began the quest
                  | for the Orb.
     0 | D:1      | Reached XP level 1. HP: 14/14 MP: 2/2
   369 | D:1      | Reached XP level 2. HP: 18/22 MP: 3/3
   388 | D:1      | Reached skill level 1 in Fighting
  1209 | D:2      | Reached XP level 3. HP: 19/27 MP: 5/5
  2677 | D:1      | Slain by an adder

Skill      XL: |  1  2 |
---------------+-------+-----
Spellcasting   | 2 |  2.2
Fighting       | 1 |  1.6
Dodging        | |  1.7
Stealth        | |  2.1
Transmutations | |  0.8
Earth Magic    | |  3.8

Action                   || total
-------------------------++-------
Melee: Dagger            ||   124
       Unarmed           ||     6
 Cast: Sandblast         ||    14
 Stab: Sleeping          ||     1
  Eat: Chunk             ||     7
Armor: Robe              ||    32
Dodge: Dodged            ||    94
